 Dungeon Crawl Stone Soup version 0.24.0-123-gd5b16e6ec5 (webtiles) character file.

Game seed: 14262017873132513007, levelgen mode: deterministic

6253 Notrik the Fighter (level 10, -12/96 (97) HPs)
             Began as a Hill Orc Fighter on Feb 8, 2020.
             Was a High Priest of Okawaru.
             Killed from afar by a deep elf mage (20 damage)
             ... with a stone arrow
             ... summoned by a worldbinder
             ... on level 2 of the Abyss.
             The game lasted 00:21:01 (9261 turns).

Notrik the Fighter (Hill Orc Fighter)               Turns: 9261, Time: 00:21:01

HP:   -12/96 (97)   AC:  8    Str: 26    XL:     10   Next: 93%
MP:   12/12         EV:  9    Int:  8    God:    Okawaru [*****.]
Gold: 331           SH: 12    Dex: 14    Spells: 9/9 levels left

rFire    . . .     SeeInvis .   a - +0 war axe
rCold    . . .     Gourm    .   c - +0 shield
rNeg     . . .     Faith    .   A - +0 ring mail {rPois}
rPois    +         Spirit   .   f - +0 helmet
rElec    .         Reflect  .   (no cloak)
rCorr    .         Harm     .   (no gloves)
MR       .....                  (no boots)
Stlth    +.........             (no amulet)
HPRegen  0.26/turn              M - +4 ring of dexterity
MPRegen  0.13/turn              C - +3 ring of strength

@: about to teleport
A: no striking features
a: Heroism, Finesse, Renounce Religion


You were on level 2 of the Abyss.
You worshipped Okawaru.
Okawaru was extremely pleased with you.
You were not hungry.

You visited 1 branch of the dungeon, and saw 10 of its levels.
You visited the Abyss 1 time.
You also visited: Sewer.

You collected 331 gold pieces.

Inventory:

Hand Weapons
 a - a +0 war axe (weapon)
Missiles
 h - 3 throwing nets (quivered) {!f}
Armour
 b - a +0 scale mail
 c - a +0 shield (worn)
 f - a +0 helmet (worn)
   (You found it on level 4 of the Dungeon)
 A - a +0 ring mail of poison resistance (worn)
   (You found it on level 3 of the Dungeon)
Jewellery
 s - a +3 ring of evasion
   (You found it on level 2 of the Dungeon)
 C - a +3 ring of strength (right hand)
   (You found it on level 4 of the Dungeon)
 D - an uncursed ring of flight
   (You found it on level 5 of the Dungeon)
 M - a +4 ring of dexterity (left hand)
   (You found it on level 9 of the Dungeon)
Wands
 t - a wand of flame (18)
   (You took it off an orc priest on level 7 of the Dungeon)
 v - a wand of digging (7)
   (You found it on level 3 of the Dungeon)
 G - a wand of clouds (6)
   (You found it on level 7 of the Dungeon)
 H - a wand of enslavement (5)
   (You found it on level 8 of the Dungeon)
Scrolls
 i - 8 scrolls of identify {@r1}
 k - 2 scrolls of amnesia {unknown}
 m - 6 scrolls of remove curse {@r2}
 q - 3 scrolls of magic mapping
 r - 2 scrolls of fog {unknown}
 x - 4 scrolls of teleportation {@r4}
 y - 3 scrolls of enchant weapon {unknown}
 B - a scroll of immolation {unknown}
 E - a scroll of fear {unknown}
 F - a scroll of random uselessness {unknown}
 I - a scroll of noise {unknown}
 L - 2 scrolls of enchant armour {unknown}
Potions
 d - 3 potions of might
 g - a potion of invisibility {unknown}
 j - 2 potions of flight {unknown}
 l - 2 potions of berserk rage {unknown}
 n - 3 potions of curing {@q1}
 o - a potion of lignification {unknown}
 p - 2 potions of haste {unknown}
 u - a potion of heal wounds {unknown}
 w - 2 potions of magic
 z - 2 potions of cancellation {unknown}
Miscellaneous
 J - a lamp of fire
   (You found it on level 9 of the Dungeon)
Comestibles
 e - 12 rations {!d}


   Skills:
 * Level 12.1 Fighting
 + Level 9.5 Axes
 + Level 8.3 Armour
 + Level 8.4 Shields
 + Level 3.4 Invocations
 + Level 2.7 Evocations


You had 9 spell levels left.
You didn't know any spells.
Your spell library contained the following spells:

 Spells                   Type           Power        Failure   Level  Hunger
 Freeze                   Ice            #...         82%         1    ##.....
 Magic Dart               Conj           #...         82%         1    ##.....
 Searing Ray              Conj           #.....       91%         2    ###....
 Throw Frost              Conj/Ice       #.....       91%         2    ###....
 Dazzling Spray           Conj/Hex       #.....       99%         3    ####...
 Ozocubu's Armour         Chrm/Ice       #.......     99%         3    ####...
 Force Lance              Conj/Tloc      #.......     100%        4    #####..
 Fulminant Prism          Conj/Hex       #.........   100%        4    #####..
 Iskenderun's Mystic Bla  Conj           #.......     100%        4    #####..
 Summon Ice Beast         Ice/Summ       #.......     100%        4    #####..
 Throw Icicle             Conj/Ice       #.......     100%        4    #####..


Dungeon Overview and Level Annotations

Branches:
Dungeon (10/15)            Temple (0/1) D:4           Sewer (visited)
   Lair: D:8-11         Orc: D:9-12

Altars:
Nemelex Xobeh
Okawaru

Shops:
D:5 }

Annotations:
D:10 Sonja


Message History

You hit the large abomination.
You block the large abomination's attack.
You completely miss the large abomination.
You hit the large abomination but do no damage.
You block the large abomination's attack.
You slash the large abomination! The large abomination hits you!
* * * LOW HITPOINT WARNING * * *
You slash the large abomination! You slice the large abomination!!
You destroy the large abomination!
Okawaru accepts your kill.
You start resting.
You start resting.
You feel like a meek peon again.
A large abomination comes into view.
You hit the large abomination but do no damage.
You block the large abomination's attack.
You slash the large abomination!
You hit the large abomination but do no damage.
The large abomination closely misses you.
You slash the large abomination!
You block the large abomination's attack.
You hit the large abomination but do no damage.
You hit the large abomination. The large abomination hits you!!
* * * LOW HITPOINT WARNING * * *
You slash the large abomination!
A worldbinder comes into view.
The worldbinder moves out of view.
You slash the large abomination! The large abomination hits you!
* * * LOW HITPOINT WARNING * * *
You slash the large abomination!
You destroy the large abomination!
Okawaru accepts your kill.
The worldbinder calls forth creatures from the Elven Halls!
You hit the deep elf mage but do no damage.
The worldbinder calls forth creatures from the Elven Halls!
The deep elf mage gestures at you while chanting.
The bolt of magma misses you.
The deep elf mage disappears in a puff of smoke!
You block the worldbinder's attack. The worldbinder barely misses you.
Something unseen opens the door.
As you read the scroll of teleportation {@r4}, it crumbles to dust.
You feel strangely unstable.
You feel the power of the Abyss delaying your translocation!
The worldbinder hits you but does no damage.
The worldbinder hits you.
* * * LOW HITPOINT WARNING * * *
The deep elf mage gestures at you while chanting.
The stone arrow hits you!!
You die...

## ... . . ..
..#. #. .#...
###.# #....#..#.
#.
.#.#..§..§§..§#
.
..§.§..§§§..§#.#
.. .#.@## #..# .
# . #
§§ex###...# . ..
.§..e#.§#### .#
§... §.##..# .
§.§#'e......# .
..###.#).....#
##...#.##.....##
. .#. #.
#...#.#.# ... .
.. .##.#..#...


You could see a deep elf archer, a deep elf mage and a worldbinder.

Vanquished Creatures
  An ugly thing (D:9)
  A gargoyle (D:9)
  A troll (D:9)
  3 hippogriffs
  2 large abominations (Abyss:2)
  A vampire (Abyss:2)
  2 hungry ghosts
  2 sky beasts
  6 phantoms
  2 black bears (D:9)
  6 ogres
  2 ice beasts
  A necrophage (D:8)
  2 bullfrogs
  4 big kobolds
  4 scorpions
  A water moccasin zombie (D:8)
  8 killer bees
  4 howler monkeys
  A centaur zombie (D:5)
  2 crimson imps
  6 hounds
  3 bullfrog skeletons
  4 orc priests
  2 jellies
  7 orc wizards
  2 centaur skeletons
  An iguana (D:5)
  An iron imp (Abyss:2)
  Terence (D:3)
  A gnoll shaman (D:3)
  4 worker ants
  14 adders
  5 gnolls
  A river rat (Sewer)
  3 shadow imps
  3 oozes
  An adder skeleton (D:8)
  A worm (Sewer)
  2 dart slugs
  5 leopard geckos
  24 orcs
  4 ball pythons (Sewer)
  6 giant cockroaches
  4 goblins
  11 hobgoblins
  10 jackals
  23 kobolds
  3 quokkas
  18 bats
  4 frilled lizards
  2 quokka skeletons (D:4)
  9 rats
  4 fungi (D:5)
245 creatures vanquished.

Notes
Turn   | Place    | Note
-------+----------+-------------------------------------------
     0 | D:1      | Notrik the Hill Orc Fighter began the quest for the Orb.
     0 | D:1      | Reached XP level 1. HP: 19/19 MP: 1/1
   226 | D:1      | Reached XP level 2. HP: 23/27 MP: 2/2
   265 | D:1      | Reached skill level 4 in Fighting
   597 | D:1      | Reached XP level 3. HP: 33/33 MP: 3/3
  1044 | D:2      | Found an iron altar of Okawaru.
  1050 | D:2      | Became a worshipper of Warmaster Okawaru
  1100 | D:2      | Reached XP level 4. HP: 38/41 MP: 4/4
  1562 | D:3      | Found a glowing drain.
  1584 | Sewer    | Entered a sewer
  1632 | Sewer    | Noticed a big kobold
  1651 | Sewer    | Killed a big kobold
  1651 | Sewer    | Reached skill level 5 in Fighting
  1651 | Sewer    | Reached XP level 5. HP: 47/48 MP: 5/5
  1770 | Sewer    | Noticed a big kobold
  1781 | Sewer    | Killed a big kobold
  1781 | Sewer    | Reached XP level 6. HP: 54/57 MP: 6/6
  1902 | D:3      | Noticed Terence
  1918 | D:3      | Killed Terence
  1990 | D:3      | Reached skill level 6 in Fighting
  2701 | D:4      | Reached * piety under Okawaru
  3303 | D:4      | Found a staircase to the Ecumenical Temple.
  3363 | D:4      | Noticed a phantom
  3445 | D:4      | Killed a phantom
  3445 | D:4      | Reached skill level 5 in Axes
  3445 | D:4      | Reached XP level 7. HP: 34/64 MP: 7/7
  3625 | D:4      | Reached skill level 7 in Fighting
  3625 | D:4      | Reached skill level 5 in Armour
  3625 | D:4      | Reached skill level 5 in Shields
  4327 | D:5      | Entered Level 5 of the Dungeon
  4364 | D:5      | Reached XP level 8. HP: 72/73 MP: 8/8
  4470 | D:5      | Reached ** piety under Okawaru
  4470 | D:5      | Reached skill level 8 in Fighting
  4758 | D:5      | Found Eseykliu's Gadget Emporium.
  4965 | D:6      | Found a sparkling altar of Nemelex Xobeh.
  5280 | D:6      | Reached skill level 9 in Fighting
  5304 | D:6      | Reached XP level 9. HP: 40/83 MP: 6/9
  5501 | D:7      | Reached *** piety under Okawaru
  5696 | D:7      | Reached skill level 10 in Fighting
  6067 | D:7      | Reached **** piety under Okawaru
  6620 | D:8      | Reached XP level 10. HP: 78/94 MP: 10/10
  6682 | D:8      | Reached skill level 11 in Fighting
  7516 | D:9      | Reached skill level 1 in Invocations
  7562 | D:9      | Noticed a gargoyle
  7570 | D:9      | Killed a gargoyle
  7570 | D:9      | Reached ***** piety under Okawaru
  7570 | D:9      | Reached skill level 1 in Evocations
  8129 | D:9      | Noticed a purple ugly thing
  8146 | D:9      | Killed a purple ugly thing
  8745 | D:10     | Entered Level 10 of the Dungeon
  8764 | D:10     | Reached skill level 12 in Fighting
  8765 | D:10     | Noticed Sonja
  9101 | D:10     | Cast into level 2 of the Abyss (Sonja)
  9101 | Abyss:2  | Found a corrupted altar of Lugonu.
  9253 | Abyss:2  | Noticed a worldbinder
  9258 | Abyss:2  | Noticed a deep elf mage
  9259 | Abyss:2  | Noticed a deep elf mage
  9260 | Abyss:2  | Noticed a deep elf mage
  9261 | Abyss:2  | Noticed a deep elf archer
  9261 | Abyss:2  | Killed from afar by a deep elf mage

Levels and vault maps discovered:
D:1:      matt_arrival_refuge, layout_loops_ring
D:2:      layout_basic, okawaru_trees_2
D:3:      layout_basic, cheibrodos_sewer_entry_sluice, uniq_terence
D:4:      layout_cave_pools, minmay_temple_entry_tees, serial_park,
          serial_park_avenue1
D:5:      old_forge, layout_cave_pools, first_ration, serial_shops, shop,
          chequers_serial_rivers_room_b
D:6:      layout_rooms, kennysheep_little_box
D:7:      layout_rooms
D:8:      layout_loops_ring
D:9:      layout_grid_maze
D:10:     layout_gridville, uniq_sonja
Abyss:2:  base:
D:10

Skill      XL: |  1  2  3  4  5  6  7  8  9 10 |
---------------+-------------------------------+-----
Fighting       | 4 5 6 7 9 10 12 | 12.1
Axes           | 3 4 5 7 8 9 |  9.5
Armour         | 4 5 6 7 8 |  8.3
Shields        | 4 5 6 7 8 |  8.4
Invocations    | 3 |  3.4
Evocations     | 2 |  2.7

Action                   |  1- 3 |  4- 6 |  7- 9 | 10-12 || total
-------------------------+-------+-------+-------+-------++-------
Melee: War axe           |   119 |   279 |   364 |   231 ||   993
Invok: Heroism           |       |       |     3 |     2 ||     5
  Use: Scroll            |       |     6 |       |     1 ||     7
       Potion            |       |     1 |       |       ||     1
 Stab: Held in net/web   |       |       |     1 |       ||     1
  Eat: Chunk             |     1 |     8 |     5 |     4 ||    18
       Ration            |       |       |     3 |     2 ||     5
Armor: Scale mail        |    55 |   103 |       |       ||   158
       Ring mail         |       |    15 |   126 |    46 ||   187
Dodge: Dodged            |    26 |   142 |   195 |    99 ||   462
Block: Shield            |    68 |   169 |   263 |   141 ||   641
